woodfighter, chaotic female orcish Cavewoman @ woodfighter the Young Cave Woman Experience level: 8 Strength: 18 Dexterity: 18 Constitution: 18 Intelligence: 7 Wisdom: 10 Charisma: 6 Health: 0(73) Energy: 33(33) Def: 7 Gold: 27 Moves: 5304 Dungeon seed: mecI_7achaKu4lGi Game ID: woodfighter_1476487259 Your Inventory: Coins $ - 27 gold pieces Amulets C - a cursed amulet of strangulation Weapons a - a very rusty +0 dwarvish spear named main (weapon in hand) D - 3 +0 dwarvish spears (in quiver) Armor e - an uncursed +0 mummy wrapping n - an uncursed rotted +2 dwarvish cloak (being worn) q - an uncursed +0 leather armor (being worn) r - an uncursed +0 orcish helm (being worn) z - an uncursed +1 dwarvish cloak H - an uncursed +1 dwarvish cloak N - an uncursed +0 dwarvish cloak T - an uncursed +0 pair of speed boots (being worn) U - an uncursed +0 shield of reflection (being worn) Y - a cursed -2 dwarvish cloak Comestibles d - an uncursed cram ration i - an uncursed sprig of wolfsbane w - an uncursed lichen corpse F - an uncursed food ration Z - an uncursed lizard corpse Scrolls A - an uncursed scroll of earth J - a cursed scroll of enchant armor Potions B - an uncursed potion of gain ability E - a cursed potion of extra healing G - a blessed potion of full healing Tools x - an uncursed wax candle (0:400) y - an uncursed skeleton key I - a +0 pick-axe W - an uncursed magic lamp Spells and supernatural/magical abilities: Name Level Category Fail Memory W - pray for help -- divine ? -- Your skills at the end: Miscellaneous Skills bare handed combat [Basic] Weapon Skills scimitar [Basic] club [Basic] spear [Basic] sling [Basic] Spellcasting Skills Final Attributes: You were piously aligned. You were poison resistant. Your writing hand was ok. You had infravision. You were somewhat stealthy. You were swallowed by an ice vortex. You were very fast. You had reflection. You were lucky. Anshar was angry with you. You are dead. Vanquished creatures: a large mimic 2 small mimics a tengu a lizard a giant spider a horse a vampire bat 3 gnome kings a brown pudding a yeti 2 dogs a dingo a housecat a dwarf lord a raven a snake a human zombie a soldier ant 2 yellow lights a rock piercer a shrieker 7 gnome lords 5 gnomish wizards a kobold mummy a golden naga hatchling a guardian naga hatchling a gray ooze a ghoul a paper golem 2 giant ants a kitten 14 dwarves a homunculus an iguana 3 hill orcs a rabid rat an orc zombie a wererat 2 killer bees 3 hobbits 7 geckos a hobgoblin 4 giant rats 41 gnomes a gnome zombie a jackal a fox a kobold 4 newts 2 goblins 5 sewer rats a grid bug 5 lichens a kobold zombie 149 creatures vanquished. Voluntary challenges: You did not cause conflict. You were not invisible. You did not have reflection until turn 3298. You were not displaced. You used a wielded weapon 339 times, starting on turn 7. You did not apply a unicorn horn. You did not use plumbed fixtures. You did not drink any magical draughts. You read items or engraved 3 times, starting on turn 1341. You never genocided any monsters. You never polymorphed an object. You never changed form. You used no wishes. You never split a pudding. You never wrote Elbereth's name. You never violated your personal moral code. Dungeon overview: The Dungeons of Doom: levels 1 to 5 Level 1 a long staircase Level 2 (locked) Level 3 Level 4 an altar to Anu stairs to The Gnomish Mines Level 5 The Gnomish Mines: levels 5 to 11 Level 5 stairs to The Dungeons of Doom Level 6 Level 7 many shops, a temple to Anshar, a magic chest, some fountains Level 8 Level 9 Level 10 <- You were here Level 11 History has recorded: On T:1 you entered the Dungeons of Doom to retrieve the Amulet of Yendor! On T:47 you reached level 2 of The Dungeons of Doom. On T:529 you advanced to experience level 2. On T:660 you reached level 3 of The Dungeons of Doom. On T:695 you reached level 4 of The Dungeons of Doom. On T:959 you advanced to experience level 3. On T:1148 you reached level 5 of The Dungeons of Doom. On T:1235 you reached level 1 of The Gnomish Mines. On T:1355 you reached level 2 of The Gnomish Mines. On T:1417 you advanced to experience level 4. On T:1502 you advanced to experience level 5. On T:2306 you prayed to Anshar. On T:2309 you advanced to experience level 6. On T:2848 you reached level 3 of The Gnomish Mines. On T:3168 you advanced to experience level 7. On T:3177 you entered the Minetown temple On T:3239 you prayed to Anshar. On T:3253 you opened a magic chest. On T:3566 you reached level 4 of The Gnomish Mines. On T:3684 you reached level 5 of The Gnomish Mines. On T:3826 you prayed to Anshar. On T:4524 you advanced to experience level 8. On T:4571 you reached level 6 of The Gnomish Mines. On T:5226 you reached level 7 of The Gnomish Mines. On T:5304 you prayed to Anshar. Score breakdown: Gold: 27 ( 2 points) Experience: 8 levels ( 700 points) Exploration: 11 levels ( 300 points) Discoveries: 24 items ( 1200 points) Variety of kills: 54 monsters ( 2000 points) Major goal: reached Minetown ( 500 points) Survival: died (score multiplied by 3) Total score: 14106 Latest messages: This horse corpse tastes terrible! You finish eating the horse corpse. One of your legs feels somewhat better. You stop exploring. Your leg feels somewhat better. You stop exploring. Nowhere else around here can be automatically explored. Where do you want to travel to? You stop travelling. The ice vortex engulfs you! Your magic lamp goes out! You are freezing to death! You jab the ice vortex. You jab the ice vortex! You are freezing to death! You jab the ice vortex! You are freezing to death! You jab the ice vortex. You are freezing to death! You jab the ice vortex. You are freezing to death! You begin praying to Anshar. You are freezing to death! (2x) You die... Final status: Goodbye woodfighter the Cavewoman, killed by an ice vortex, while praying... You died in The Gnomish Mines on dungeon level 10 with 14106 points, and 27 pieces of gold, after 5304 moves. You were level 8 with a maximum of 73 hit points when you died.